 Dungeon Crawl Stone Soup version 0.25-a0-356-g7c9d860b3b (webtiles) character file.

Game seed: 4079985062686664367, levelgen mode: deterministic

2765 Borgoz the Basher (level 9, -1/57 HPs)
             Began as a Gargoyle Berserker on Jan 4, 2020.
             Was an Elder of Trog.
             Slain by a bullfrog (4 damage)
             ... on level 7 of the Dungeon.
             The game lasted 00:08:50 (6201 turns).

Borgoz the Basher (Gargoyle Berserker)              Turns: 6201, Time: 00:08:50

Health: -1/57      AC: 15    Str: 22    XL:     9   Next: 69%
Magic:  9/9        EV: 13    Int:  7    God:    Trog [****..]
Gold:   424        SH:  0    Dex: 12    Spells: 8/8 levels left

rFire    . . .     SeeInvis .   a - +0 mace
rCold    . . .     Gourm    .   (no shield)
rNeg     + . .     Faith    +   p - +0 ring mail
rPois    ∞         Spirit   .   (no helmet)
rElec    +         Reflect  .   (no cloak)
rCorr    .         Harm     .   r - +0 pair of gloves
MR       .....                  g - +0 pair of boots
Stlth    +.........             f - amulet of faith
HPRegen  0.19/turn              (no ring)
MPRegen  0.11/turn              (no ring)

@: berserk cooldown, slowed, very slow
A: negative energy resistance 1, electricity resistance, unbreathing,
petrification resistance, rot immunity, AC +6
a: Berserk, Trog's Hand, Brothers in Arms, Renounce Religion


You were on level 7 of the Dungeon.
You worshipped Trog.
Trog was greatly pleased with you.
You were not hungry.

You visited 2 branches of the dungeon, and saw 8 of its levels.

You collected 424 gold pieces.

Inventory:

Hand Weapons
 a - a +0 mace (weapon)
Missiles
 b - 2 throwing nets (quivered)
Armour
 g - a +0 pair of boots (worn)
 p - a +0 ring mail (worn)
 r - a +0 pair of gloves (worn)
Jewellery
 f - an amulet of faith (around neck)
 i - an uncursed amulet of the gourmand {unknown}
Scrolls
 d - 5 scrolls of enchant weapon {unknown}
 e - 4 scrolls of amnesia {unknown}
 h - a scroll of immolation {unknown}
 k - 2 scrolls of teleportation
 l - a scroll of random uselessness {unknown}
 m - 2 scrolls of fear {unknown}
 o - 3 scrolls of remove curse
 u - a scroll of torment {unknown}
 w - 2 scrolls of summoning {unknown}
Potions
 q - a potion of ambrosia {unknown}
 s - a potion of flight
 t - a potion of berserk rage {unknown}
 v - 2 potions of curing
 z - a potion of invisibility {unknown}
Comestibles
 c - 7 rations
 j - 4 chunks of flesh


   Skills:
 + Level 7.0 Fighting
 * Level 8.9 Maces & Flails
 + Level 6.7 Armour
 + Level 5.0 Dodging


You had 8 spell levels left.
You didn't know any spells.
Your spell library was empty.

Dungeon Overview and Level Annotations

Branches:
Dungeon (7/15)             Temple (1/1) D:5

Altars:
Ashenzari
Cheibriados
Dithmenos
Gozag
Makhleb
Okawaru
Wu Jian
Yredelemnul

Shops:
D:6 :


Innate Abilities, Weirdness & Mutations

You are resistant to torment.
Your stone body is resilient. (AC +6)
You are immune to poison.
You resist negative energy. (rN+)
You are resistant to electric shocks. (rElec)
You can survive without breathing.
You are immune to petrification.
You are immune to rotting.


Message History

* * * LOW HITPOINT WARNING * * *
The hound bites you but does no damage. The bullfrog barely misses you.
You hit the hound but do no damage.
The hound is almost dead.
The hound closely misses you. The bullfrog hits you.
* * * LOW HITPOINT WARNING * * *
The hound misses you. The bullfrog hits you.
* * * LOW HITPOINT WARNING * * *
The hound closely misses you.
The bullfrog hits you but does no damage.
You sock the hound!
You kill the hound!
Trog accepts your kill. The bullfrog closely misses you.
The bullfrog hits you but does no damage.
You hit the bullfrog.
The bullfrog is lightly wounded.
The bullfrog hits you but does no damage.
The bullfrog hits you.
You die...

#########
#.......#
#..@....#
#.F†....#
#.......####
#...........
#.$............
..._............
##..............
................
................


You could see a bullfrog.

Vanquished Creatures
  The ghost of emiel the Cleaver, a novice FoFi (D:6)
  Pikel (D:5)
  2 ice beasts
  4 slaves (D:5)
  3 centaurs
  4 bullfrogs
  A scorpion (D:4)
  A howler monkey (D:5)
  2 crimson imps (D:5)
  2 bullfrog skeletons (D:4)
  A jelly (D:7)
  5 hounds
  4 orc priests
  2 iguanas
  8 orc wizards
  3 worker ants
  A hound zombie (D:6)
  6 gnolls (D:4)
  6 adders
  3 oozes
  3 adder skeletons
  3 worms
  4 dart slugs
  6 leopard geckos
  24 orcs
  7 giant cockroaches
  6 goblins
  13 hobgoblins
  3 jackals (D:6)
  7 quokkas
  A ball python (D:5)
  4 bats
  7 frilled lizards
  11 kobolds
  10 rats
  A plant (D:4)
170 creatures vanquished.

Vanquished Creatures (others)
  A plant (D:4)
1 creature vanquished.

Grand Total: 171 creatures vanquished

Notes
Turn   | Place    | Note
-------+----------+-------------------------------------------
     0 | D:1      | Borgoz the Gargoyle Berserker began the quest for the Orb.
     0 | D:1      | Reached XP level 1. HP: 14/14 MP: 1/1
   109 | D:1      | Reached XP level 2. HP: 15/19 MP: 2/2
   254 | D:1      | Reached XP level 3. HP: 21/23 MP: 3/3
   351 | D:1      | Reached ** piety under Trog
   856 | D:2      | Reached XP level 4. HP: 13/29 MP: 4/4
  1001 | D:2      | Found a shattered altar of Ashenzari.
  1350 | D:2      | Found an iron altar of Okawaru.
  1369 | D:2      | Reached skill level 4 in Maces & Flails
  1507 | D:2      | Reached *** piety under Trog
  1630 | D:2      | Found a faded altar of an unknown god.
  2134 | D:3      | Found a shadowy altar of Dithmenos.
  2176 | D:3      | Reached XP level 5. HP: 31/33 MP: 5/5
  2475 | D:4      | Reached XP level 6. HP: 13/38 MP: 6/6
  2510 | D:4      | Reached **** piety under Trog
  2726 | D:4      | Reached skill level 5 in Maces & Flails
  3119 | D:4      | Found a burning altar of Makhleb.
  3218 | D:4      | Reached XP level 7. HP: 30/44 MP: 7/7
  3510 | D:4      | Found a snail-covered altar of Cheibriados.
  3617 | D:4      | Found a basalt altar of Yredelemnul.
  3920 | D:5      | Entered Level 5 of the Dungeon
  3922 | D:5      | Found a staircase to the Ecumenical Temple.
  3939 | D:5      | Reached skill level 5 in Fighting
  3951 | Temple   | Entered the Ecumenical Temple
  3975 | D:5      | Reached skill level 6 in Maces & Flails
  4273 | D:5      | Reached XP level 8. HP: 48/49 MP: 8/8
  4299 | D:5      | Noticed Pikel
  4344 | D:5      | Killed Pikel
  4344 | D:5      | Reached skill level 7 in Maces & Flails
  4344 | D:5      | Reached skill level 5 in Armour
  4979 | D:6      | Found Vystat's Book Emporium.
  5049 | D:6      | Found a runed translucent door.
  5053 | D:6      | Noticed emiel's ghost (novice FoFi)
  5216 | D:6      | Found a runed translucent door.
  5223 | D:6      | Reached XP level 9. HP: 49/55 MP: 9/9
  5271 | D:6      | Killed emiel's ghost
  5271 | D:6      | Reached skill level 8 in Maces & Flails
  5926 | D:7      | Reached skill level 5 in Dodging
  5998 | D:7      | Found an ornate altar of the Wu Jian Council.
  6172 | D:7      | Noticed a troll
  6185 | D:7      | Found an opulent altar of Gozag.
  6201 | D:7      | Slain by a bullfrog

Levels and vault maps discovered:
D:1:      lemuel_arrival_lava_pool, layout_loops_ring
D:2:      layout_basic, lemuel_doored_altar, okawaru_ov_weapons_minmay,
          serial_forest, infiniplex_forest_straight_3,
          infiniplex_forest_lined_2, infiniplex_forest_lined_room_3,
          infiniplex_forest_lined_1, infiniplex_forest_clump_curved,
          infiniplex_forest_clump_small, infiniplex_forest_clump_long,
          chequers_ecumenical_altar_twisty
D:3:      minmay_bubble_buster, layout_basic, grunt_dithmenos_smoke_and_mirrors
D:4:      wad_woods_stonehenge, layout_cave_pools,
          nicolae_overflow_crystal_walls, marbit_many_paths, first_ration,
          kennysheep_generic_room_6
D:5:      layout_loops_ring, minmay_temple_entry_sparse_star, uniq_pikel
D:6:      layout_loops_corners, serial_shops, nicolae_shop_window_shopping,
          ebering_ghost_sewer_f
D:7:      layout_rooms, lemuel_round_altar, nicolae_gozag_seed_capital,
          demons_altar, gammafunk_temple_overflow_pools, serial_shops,
          shop_statue, uniq_joseph
Temple:   jpeg_temple_island

Skill      XL: |  1  2  3  4  5  6  7  8  9 |
---------------+----------------------------+-----
Dodging        | 2 3 4 5 |  5.0
Maces & Flails | 4 5 6 7 8 |  8.9
Armour         | 3 4 5 6 |  6.7
Fighting       | 4 5 6 7 |  7.0

Action                   |  1- 3 |  4- 6 |  7- 9 || total
-------------------------+-------+-------+-------++-------
Melee: Mace              |   107 |   280 |   469 ||   856
Invok: Berserk           |       |     2 |     6 ||     8
       Trog's Hand       |       |     1 |     4 ||     5
  Use: Scroll            |       |     1 |     6 ||     7
 Stab: Sleeping          |     2 |       |       ||     2
  Eat: Chunk             |       |    10 |    15 ||    25
       Ration            |       |       |     1 ||     1
Armor: Animal skin       |    35 |    58 |       ||    93
       Ring mail         |       |    69 |   304 ||   373
Dodge: Dodged            |    77 |   199 |   317 ||   593

Table legend:
 A = Non-vault XP
 B = Vault XP
 C = Vault XP percentage of total XP
 D = Non-vault monster count
 E = Vault monster count
 F = Vault count percentage of total count
                 A         B        C        D         E       F
            +---------+---------+-------+---------+---------+-------
      Total |    2026 |    1924 |  48.7 |     137 |      28 |  17.0
            +---------+---------+-------+---------+---------+-------
        D:1 |      62 |       0 |   0.0 |      33 |       0 |   0.0
        D:2 |      85 |       0 |   0.0 |      21 |       0 |   0.0
        D:3 |      36 |      65 |  64.4 |      12 |      10 |  45.5
        D:4 |     423 |     209 |  33.1 |      20 |      10 |  33.3
        D:5 |     369 |     629 |  63.0 |      15 |       1 |   6.2
        D:6 |     651 |    1021 |  61.1 |      20 |       7 |  25.9
        D:7 |     400 |       0 |   0.0 |      16 |       0 |   0.0
            +---------+---------+-------+---------+---------+-------
